 Dungeon Sprint DCSS version 0.31-a0-844-gdc52ec4e09 (webtiles) character file.

Game seed: 4067619002457763395

180 sircluck the Ruffian (level 5, 0/59 HPs)
             Began as a Troll Berserker on Sept 29, 2023.
             Was an Elder of Trog.
             Slain by a gnoll sergeant
             ... wielding a +2 trident of freezing
              (3 damage)
             ... in the Dungeon (Sprint VII: "The Pits").
             The game lasted 00:00:53 (189 turns).

sircluck the Ruffian (Troll Berserker)               Turns: 189, Time: 00:00:54

Health: 0/59       AC:  4    Str: 27    XL:     5   Next: 33%
Magic:  4/4        EV: 11    Int:  3    God:    Trog [****..]
Gold:   0          SH:  0    Dex:  9    Spells: 4/4 levels left

rFire   . .          .
                       - Unarmed
rCold   . . .        (no shield)
rNeg    . . .        a - +0 animal skin
rPois   .            (helmet restricted)
rElec   .            (no cloak)
rCorr   .            (gloves unavailable)
SInv    .            (boots unavailable)
Will    .....        (no amulet)
Stlth   +            (no ring)
HPRegen 1.09/turn    (no ring)
MPRegen 0.09/turn

%: no teleportation
@: no status effects
A: large, unfitting armour, claws 3, regeneration 1, shaggy fur 1, tough skin 1
a: Renounce Religion, Berserk, Trog's Hand, Brothers in Arms


You were in the Dungeon.
You worshipped Trog.
Trog was greatly pleased with you.
You visited 1 branch

Inventory:

Armour
 a - a +0 animal skin (worn)
Scrolls
 g - a scroll of blinking
 i - 2 scrolls of vulnerability
 j - a scroll of butterflies
Potions
 b - 6 potions of curing
 c - 5 potions of heal wounds
 d - a potion of haste
 e - 4 potions of magic
 f - 3 potions of berserk rage
 h - 2 potions of invisibility


   Skills:
 + Level 5.9 Fighting
 + Level 5.8 Dodging
 + Level 7.0 Unarmed Combat


You had 4 spell levels left.
You didn't know any spells.
Your spell library was empty.

Dungeon Overview and Level Annotations

Branches:
Dungeon (1/1)

Altars:
Ashenzari
Cheibriados
Dithmenos
Elyvilon
Fedhas
Gozag
Hepliaklqana
Kikubaaqudgha
Makhleb
Nemelex Xobeh
Okawaru
Qazlal
Ru
Sif Muna
Trog
Uskayaw
Vehumet
Wu Jian
Xom
Yredelemnul
Zin
The Shining One
Jiyva
Lugonu


Innate Abilities, Weirdness & Mutations

You are too large for most types of armour.
You have claws for hands.
Your natural rate of healing is unusually fast.
You are covered in fur. (AC +1)
You have tough skin. (AC +1)


Message History

Your Unarmed Combat skill increases to level 7!
Things that are here:
a +0 flail; a hound corpse The gnoll sergeant hits you with a +2 trident of freezing!
The gnoll sergeant freezes you. The gnoll sergeant blocks your attack.
The gnoll sergeant barely misses you. The gnoll sergeant blocks your attack.
The gnoll sergeant completely misses you.
The gnoll sergeant blocks your attack.
The gnoll sergeant hits you with a +2 trident of freezing.
The gnoll sergeant freezes you. The gnoll sergeant blocks your attack.
The gnoll sergeant blocks your attack. The gnoll sergeant closely misses you.
The gnoll sergeant blocks your attack.
The gnoll sergeant hits you with a +2 trident of freezing!
* * * LOW HITPOINT WARNING * * *
The gnoll sergeant freezes you!
* * * LOW HITPOINT WARNING * * *
You claw the gnoll sergeant!
The gnoll sergeant is moderately wounded.
The gnoll sergeant hits you with a +2 trident of freezing.
* * * LOW HITPOINT WARNING * * *
The gnoll sergeant freezes you.
* * * LOW HITPOINT WARNING * * *
You feel much better.
The gnoll sergeant hits you with a +2 trident of freezing.
The gnoll sergeant freezes you.
Unknown command.
The gnoll sergeant blocks your attack.
The gnoll sergeant is moderately wounded.
The gnoll sergeant hits you with a +2 trident of freezing!
* * * LOW HITPOINT WARNING * * *
The gnoll sergeant freezes you.
* * * LOW HITPOINT WARNING * * *
You barely miss the gnoll sergeant.
The gnoll sergeant is moderately wounded.
The gnoll sergeant hits you with a +2 trident of freezing!
* * * LOW HITPOINT WARNING * * *
The gnoll sergeant freezes you.
You die...

#.?(.')))'.##.....
##########.##.....
#...........'.....
#'#####†#####.....
#.#..#...'.##.....
#.#..#...#.#####'#
#)#.)#####.##.....
#)#..'...#.##.....
#@#.†'...'.##.....
#g#..########...<.
#g#..'[))).##.....
#.#..#[))).##.....
#'###########.....
#.. ###### #...
#...# #.g##


You could see a gnoll sergeant and a gnoll.

Vanquished Creatures
  A scorpion (D)
  A hound (D)
  An iguana (D)
  4 gnolls (D)
  A river rat (D)
  A ball python (D)
  A bat skeleton (D)
  An endoplasm (D)
  2 jackals (D)
  A kobold (D)
  2 quokkas (D)
16 creatures vanquished.

Notes
Turn   | Place    | Note
-------+----------+-------------------------------------------
     0 | D        | sircluck the Troll Berserker began the quest for the Orb.
     0 | D        | Reached XP level 1. HP: 22/22 MP: 0/0
    18 | D        | Found a bloodstained altar of Trog.
    18 | D        | Found a shimmering blue altar of Sif Muna.
    18 | D        | Found a viscous altar of Jiyva.
    18 | D        | Found a hazy altar of Hepliaklqana.
    18 | D        | Found an opulent altar of Gozag.
    19 | D        | Found a glowing golden altar of the Shining One.
    19 | D        | Found a glowing silver altar of Zin.
    19 | D        | Found a basalt altar of Yredelemnul.
    19 | D        | Found a shimmering altar of Xom.
    19 | D        | Found an ornate altar of the Wu Jian Council.
    19 | D        | Found a sacrificial altar of Ru.
    19 | D        | Found a stormy altar of Qazlal.
    19 | D        | Found an iron altar of Okawaru.
    19 | D        | Found a sparkling altar of Nemelex Xobeh.
    19 | D        | Found a burning altar of Makhleb.
    19 | D        | Found a blossoming altar of Fedhas.
    19 | D        | Found a white marble altar of Elyvilon.
    19 | D        | Found a shadowy altar of Dithmenos.
    19 | D        | Found a snail-covered altar of Cheibriados.
    23 | D        | Found a corrupted altar of Lugonu.
    23 | D        | Found a radiant altar of Vehumet.
    24 | D        | Found a broken altar of Ashenzari.
    24 | D        | Found an ancient bone altar of Kikubaaqudgha.
    24 | D        | Found a hide-covered altar of Uskayaw.
    61 | D        | Reached ** piety under Trog
    72 | D        | Noticed a scorpion
    76 | D        | Reached skill level 4 in Unarmed Combat
    76 | D        | Reached XP level 2. HP: 22/31 MP: 1/1
    78 | D        | Killed a scorpion
    79 | D        | Reached skill level 5 in Unarmed Combat
    79 | D        | Reached XP level 3. HP: 32/40 MP: 2/2
    79 | D        | Reached XP level 4. HP: 40/49 MP: 3/3
    92 | D        | Reached *** piety under Trog
   150 | D        | Noticed a gnoll sergeant
   166 | D        | Reached skill level 5 in Fighting
   166 | D        | Reached skill level 5 in Dodging
   166 | D        | Reached skill level 6 in Unarmed Combat
   167 | D        | Reached **** piety under Trog
   171 | D        | Reached XP level 5. HP: 38/57 MP: 4/4
   178 | D        | Reached skill level 7 in Unarmed Combat
   189 | D        | Slain by a gnoll sergeant

Illustrated notes

Levels and vault maps discovered:
D:        pitsprint [storerooms_1, entrance_room_1, metal_vault_6, armoury_2,
          mini_pit_1, grid_room_1, main_hall_1, silver_pit, the_coven_1,
          the_vestibule_1, steel_vault_4, golden_pit, hallway_of_sentries,
          crystal_vault_4, iron_vault_4, final_vault]

Skill      XL: |  1  2  3  4  5 |
---------------+----------------+-----
Fighting       | 3 4 5 |  5.9
Dodging        | 3 4 5 |  5.8
Unarmed Combat | 4 5 6 7 |  7.0

Action                     |  1- 3 |  4- 6 || total
---------------------------+-------+-------++-------
  Melee: Unarmed           |    10 |    35 ||    45
    Use: Potion            |       |     1 ||     1
 Armour: Animal skin       |     6 |    23 ||    29
  Dodge: Dodged            |     1 |     8 ||     9

Table legend: (Time is in decaauts)
 A = Elapsed time spent in this place.
 B = Non-inter-level travel time spent in this place.
 C = Inter-level travel time spent in this place.
 D = Time resting spent in this place.
 E = Time spent auto-exploring this place.
 F = Levels seen in this place.
 G = Mean time per level.
                   A        B        C        D        E       F      G
               +--------+--------+--------+--------+--------+-----+--------+
         Total |    184 |    184 |      0 |      0 |     88 |   1 |  184.0 |
       Dungeon |    184 |    184 |      0 |      0 |     88 |   1 |  184.0 |
               +--------+--------+--------+--------+--------+-----+--------+

Top non-repeatable levels by time:
       D: 184 daAuts
